 Dungeon Crawl Stone Soup version 0.17.0-7-gfadd4cc (webtiles) character file.

821 Britaniac the Ducker (level 7, -1/64 HPs)
             Began as a Naga Fighter on Nov 8, 2015.
             Slain by a centaur (7 damage)
             ... on level 5 of the Dungeon.
             The game lasted 00:16:03 (4363 turns).

Britaniac the Ducker (Naga Fighter)                 Turns: 4363, Time: 00:16:03

Health: -1/64      AC: 13    Str: 18    XL:     7   Next: 95%
Magic:  7/7        EV:  7    Int: 14    God:
Gold:   254        SH: 11    Dex: 12    Spells: 0 memorised, 6 levels left

rFire  . . .     SeeInvis +     a - +0 flail
rCold  . . .     Clarity  .     b - +0 scale mail
rNeg   . . .     SustAt   .     c - +0 shield
rPois  +         Gourm    .     l - +2 helmet
rElec  .         Spirit   .     w - -1 cloak (curse)
rCorr  .         Warding  .     o - +1 pair of gloves
rMut   .         Stasis   .     (no barding)
MR     .....                    (no amulet)
Stlth  ..........               (no ring)
                                t - +3 ring of intelligence

@: short of breath, very slow, not resistant to hostile enchantments, extremely
unstealthy
A: stinger 1, large bone plates 1, see invisible, agile 1, deformed body, poison
resistance, slowness 2, slow metabolism 1, spit poison 2, AC +2
a: Spit Poison


You were on level 5 of the Dungeon.
You were not hungry.

You visited 1 branch of the dungeon, and saw 5 of its levels.

You collected 254 gold pieces.

Inventory:

Hand Weapons
 a - a +0 flail (weapon)
Armour
 b - a +0 scale mail (worn)
 c - a +0 shield (worn)
 l - a +2 helmet (worn)
 o - a +1 pair of gloves (worn)
 w - a cursed -1 cloak (worn)
Jewellery
 q - an uncursed ring of teleportation
 t - a +3 ring of intelligence (left hand)
Wands
 f - a wand of random effects (18)
 m - a wand of magic darts (22)
Scrolls
 i - a scroll of amnesia
 p - a scroll of blinking
 r - 7 scrolls of remove curse
Potions
 d - 2 potions of might
 k - 2 potions of heal wounds {unknown}
 s - a potion of agility {unknown}
 v - a potion of magic {unknown}
Comestibles
 e - 5 bread rations
 g - a beef jerky
 h - 3 slices of pizza
 j - a meat ration


   Skills:
 + Level 4.1 Fighting
 + Level 3.4 Maces & Flails
 + Level 3.8 Armour
 * Level 4.2 Dodging
 + Level 1.2 Stealth
 + Level 3.9 Shields


You had 6 spell levels left.
You didn't know any spells.

Dungeon Overview and Level Annotations

Branches:
Dungeon (5/15)
 Temple: D:4-7

Altars:
Fedhas
Kikubaaqudgha
Qazlal
Trog


Innate Abilities, Weirdness & Mutations

You cannot wear boots.
Your serpentine skin is tough (AC +2).
You have supernaturally acute eyesight.
Armour fits poorly on your strangely shaped body.
Your system is resistant to poisons.
You cover ground very slowly.
You have a slow metabolism.
You can spit poison.
Your tail ends in a poisonous barb.
You are partially covered in large bone plates (AC +2, SH +2).
You are agile. (Dex +2)


Message History

The centaur hits you but does no damage.
Press: ? - help, Shift-Dir - straight line, f/p - centaur
Aim: a centaur (lightly wounded)
The splash of poison hits the centaur.
The centaur is poisoned.
The centaur is heavily wounded.
You feel slightly more hungry. The centaur hits you.
* * * LOW HITPOINT WARNING * * *
You barely miss the centaur.
Your tail-slap misses the centaur.
The centaur is heavily wounded.
You block the centaur's attack. The centaur hits you.
* * * LOW HITPOINT WARNING * * *
You sock the centaur!
The centaur is almost dead.
The centaur hits you.
* * * LOW HITPOINT WARNING * * *
You block the centaur's attack.
You hit the centaur but do no damage.
The centaur is almost dead.
The centaur hits you!
You die...

#.....'....## #..# ...
#.....###### #..# .. #.....#
######..###Z#####
###.....######...............c
.....c......([...............p
######.....(##...##......#####
###### ######(####.##.####.#
.....# #(c.##.##.# ..# .....#
###@##....# #.# .....#
#(####### .# .....# #.# ..
.....# #.# .....# #.# .....#
#.###### .....# #......#
.....# ######.##### .....#
#.....#


You could see a centaur.

Vanquished Creatures
  A slave (D:5)
  An ogre (D:4)
  2 phantoms
  A sky beast (D:5)
  2 hounds (D:4)
  Ijyb (D:3)
  4 worker ants
  3 hound skeletons
  Robin (D:2)
  9 adders
  3 gnolls (D:3)
  An ooze (D:4)
  3 worms
  6 giant geckos
  3 orcs (D:3)
  11 hobgoblins
  8 jackals (D:2)
  3 kobolds
  2 quokkas
  2 ball pythons
  9 bats
  7 giant cockroaches
  A giant newt (D:4)
  23 goblins
  A jackal skeleton (D:4)
  5 rats
113 creatures vanquished.

Notes
Turn   | Place    | Note
--------------------------------------------------------------
     0 | D:1      | Britaniac the Naga Fighter began the quest for the Orb.
     0 | D:1      | Reached XP level 1. HP: 21/21 MP: 1/1
   393 | D:1      | Reached XP level 2. HP: 22/28 MP: 2/2
   908 | D:2      | Reached skill level 1 in Dodging
   908 | D:2      | Reached XP level 3. HP: 34/34 MP: 3/3
  1470 | D:2      | Reached XP level 4. HP: 42/42 MP: 4/4
  2018 | D:3      | Noticed Robin
  2149 | D:2      | Gained mutation: You are partially covered in large bone plates (AC +2, SH +2). [potion of beneficial mutation]
  2150 | D:2      | Gained mutation: You are agile. (Dex +2) [potion of beneficial mutation]
  2151 | D:2      | Gained mutation: Your tail ends in a poisonous barb. [potion of beneficial mutation]
  2311 | D:2      | Killed Robin
  2311 | D:2      | Reached XP level 5. HP: 46/49 MP: 5/5
  2484 | D:3      | Found a stormy altar of Qazlal.
  2926 | D:3      | Found a blossoming altar of Fedhas.
  2927 | D:3      | Found an ancient bone altar of Kikubaaqudgha.
  3005 | D:3      | Noticed Ijyb
  3014 | D:3      | Killed Ijyb
  3014 | D:3      | Reached XP level 6. HP: 54/56 MP: 6/6
  3373 | D:4      | Found a bloodstained altar of Trog.
  3727 | D:4      | Reached XP level 7. HP: 58/63 MP: 7/7
  3782 | D:4      | Reached skill level 1 in Stealth
  3815 | D:4      | Reached skill level 4 in Fighting
  4007 | D:5      | Entered Level 5 of the Dungeon
  4363 | D:5      | Slain by a centaur

Action                   |  1- 3 |  4- 6 |  7- 9 || total
-------------------------+-------+-------+-------++-------
Melee: Flail             |    94 |   245 |    88 ||   427
 Abil: Spit Poison       |    20 |    42 |    12 ||    74
  Use: Potion            |       |     6 |       ||     6
       Scroll            |       |     9 |       ||     9
  Eat: Chunk             |     2 |     8 |     4 ||    14
